 Dungeon Crawl Stone Soup version 0.21.1-1-g345015fe64 (webtiles) character file.

77 Norrik the Slasher (level 4, -2/40 HPs)
             Began as a Minotaur Monk on Apr 27, 2018.
             Killed by nerve-wracking pain
             ... invoked by an orc priest
              (13 damage)
             ... on level 3 of the Dungeon.
             The game lasted 00:02:28 (1880 turns).

Norrik the Slasher (Minotaur Monk)                  Turns: 1880, Time: 00:02:29

Health: -2/40      AC: 13    Str: 17    XL:     4   Next: 13%
Magic:  3/3        EV:  5    Int:  7    God:
Gold:   97         SH:  4    Dex: 12    Spells: 3/3 levels left

rFire    . . .     SeeInvis .   a - +0 falchion
rCold    . . .     Gourm    .   q - +0 buckler
rNeg     . . .     Faith    .   p - +0 plate armour
rPois    .         Spirit   .   (helmet restricted)
rElec    .         Reflect  .   (no cloak)
rCorr    .         Harm     .   u - +0 pair of gloves
MR       .....                  r - +0 pair of boots
Stlth    ..........             (no amulet)
HPRegen  0.13/turn              (no ring)
MPRegen  0.08/turn              (no ring)

@: no status effects
A: retaliatory headbutt, horns 2
a: no special abilities


You were on level 3 of the Dungeon.
You were very hungry.

You visited 1 branch of the dungeon, and saw 3 of its levels.

You collected 97 gold pieces.

Inventory:

Hand Weapons
 a - a +0 falchion (weapon)
Armour
 p - a +0 plate armour (worn)
 q - a +0 buckler (worn)
 r - a +0 pair of boots (worn)
 u - a +0 pair of gloves (worn)
Jewellery
 f - a +5 ring of dexterity {unknown}
 h - a +2 ring of strength {unknown}
 i - an uncursed ring of resist corrosion {unknown}
 k - an uncursed amulet of regeneration {unknown}
Wands
 v - a wand of clouds (2)
Scrolls
 b - 2 scrolls of identify
 d - a scroll of noise {unknown}
 j - a scroll of teleportation {unknown}
 l - 2 scrolls of enchant armour {unknown}
 n - 2 scrolls of immolation
 o - 2 scrolls of remove curse {unknown}
 t - a scroll of fog {unknown}
Potions
 e - 3 potions of invisibility
 g - a potion of might
 m - a potion of cancellation {unknown}
 s - a potion of heal wounds {unknown}
Comestibles
 c - 3 rations


   Skills:
 + Level 4.2 Fighting
 * Level 4.8 Long Blades
 + Level 1.9 Armour
 - Level 3.2 Dodging
 - Level 1.5 Stealth
 + Level 1.4 Shields


You had 3 spell levels left.
You didn't know any spells.

Dungeon Overview and Level Annotations

Branches:
Dungeon (3/15)

Altars:


Innate Abilities, Weirdness & Mutations

You reflexively headbutt those who attack you in melee.
You have a pair of horns on your head.


Message History

You hit the orc.
The orc is heavily wounded.
The orc hits you but does no damage.
Your plate armour prevents you from hitting the orc.
You headbutt the orc.
The orc is severely wounded.
You closely miss the orc. You headbutt the orc, but do no damage.
The orc is severely wounded.
The orc barely misses you. You furiously retaliate!
You headbutt the orc.
You kill the orc!
Your plate armour prevents you from hitting the orc.
You headbutt the orc.
The orc is heavily wounded.
The orc priest calls upon Beogh to heal the orc.
The orc's wounds heal themselves!
The orc hits you but does no damage.
Your plate armour prevents you from hitting the orc.
You kill the orc!
The orc priest calls down the wrath of Beogh upon you.
Pain shoots through your body!
You die...

.........###.. %.
##........##.# ..#####
#........##.# .......
#........##.#### .......
#...............
#.....#####........###.###
#.....#............###.#
.#.....#o##########.....#
......)'.)@...>.........#
.#.....#.##....####....##
+.....#.##....# #....#
###+###.......# #....#
#####...# #....# ....#
###### ######


You could see an orc priest.

Vanquished Creatures
  3 adders (D:2)
  An ooze (D:2)
  2 worms (D:2)
  A leopard gecko (D:2)
  5 orcs
  A giant cockroach (D:1)
  3 goblins
  5 hobgoblins
  A jackal (D:1)
  3 kobolds
  2 ball pythons (D:1)
  2 bats
  A frilled lizard (D:2)
  4 rats
34 creatures vanquished.

Notes
Turn   | Place    | Note
-------+----------+-------------------------------------------
     0 | D:1      | Norrik the Minotaur Monk began the quest for the Orb.
     0 | D:1      | Reached XP level 1. HP: 19/19 MP: 0/0
   316 | D:1      | Reached XP level 2. HP: 27/27 MP: 1/1
   772 | D:2      | Reached skill level 1 in Armour
  1046 | D:2      | Found a faded altar of an unknown god.
  1160 | D:2      | Reached XP level 3. HP: 33/33 MP: 2/2
  1180 | D:2      | Reached skill level 1 in Shields
  1792 | D:2      | Reached XP level 4. HP: 40/40 MP: 3/3
  1880 | D:3      | Killed from afar by an orc priest

Skill      XL: |  1  2  3 |
---------------+----------+-----
Long Blades    | 4 |  4.8
Armour         | 1 |  1.9
Fighting       | 4 |  4.2
Shields        | 1 |  1.4
Dodging        | |  3.2
Stealth        | |  1.5

Action                   |  1- 3 |  4- 6 || total
-------------------------+-------+-------++-------
Melee: Falchion          |    90 |    12 ||   102
       Headbutt          |    13 |     5 ||    18
  Use: Scroll            |     3 |       ||     3
  Eat: Chunk             |     2 |       ||     2
Armor: Robe              |     6 |       ||     6
       Plate armour      |    45 |     5 ||    50
Dodge: Dodged            |    35 |     3 ||    38
Block: Buckler           |    10 |       ||    10
       Rpst.: Falchion   |    11 |       ||    11
